 Dungeon Crawl Stone Soup version 0.29.1-2-gbd0b4ee654 (webtiles) character file.

Game seed: 11923498852352444304

294 GorkyZ the Chopper (level 6, -5/37 HPs)
             Began as a Gargoyle Gladiator on Nov 25, 2022.
             Killed from afar by an orc wizard (10 damage)
             ... with a magic dart
             ... on level 3 of the Dungeon.
             The game lasted 00:05:53 (2491 turns).

GorkyZ the Chopper (Gargoyle Gladiator)             Turns: 2491, Time: 00:05:53

Health: -5/37      AC:  8    Str: 19    XL:     6   Next: 34%
Magic:  6/6        EV: 12    Int:  9    God:
Gold:   139        SH:  0    Dex: 11    Spells: 5/5 levels left

rFire   . . .      SeeInvis .   a - +0 war axe
rCold   . . .      Faith    .   (no shield)
rNeg    + . .      Spirit   .   b - +0 leather armour
rPois   ∞          Reflect  .   c - +0 helmet
rElec   +          Harm     .   v - scarf {+Inv}
rCorr   .          Rampage  .   (no gloves)
Will    +....                   (no boots)
Stlth   +.........              (no amulet)
HPRegen 0.12/turn               r - ring of willpower
MPRegen 0.10/turn               (no ring)

@: no status effects
A: sickness immunity, AC +4, negative energy resistance 1, electricity
resistance, torment resistance 1, petrification resistance
a: Evoke Invisibility


You were on level 3 of the Dungeon.
You visited 1 branch of the dungeon, and saw 3 of its levels.

You collected 139 gold pieces.

Inventory:

Hand Weapons
 a - a +0 war axe (weapon)
Missiles
 d - 3 throwing nets (quivered)
 e - a javelin
 z - 10 poisoned darts
 B - 5 boomerangs
Armour
 b - a +0 leather armour (worn)
 c - a +0 helmet (worn)
 v - a scarf of invisibility (worn)
Jewellery
 o - a ring of protection from fire
 r - a ring of willpower (left hand)
 A - a ring of positive energy
Wands
 p - a wand of roots (2)
Scrolls
 g - 2 scrolls of immolation {unknown}
 h - 2 scrolls of teleportation {unknown}
 i - a scroll of magic mapping {unknown}
 l - a scroll of blinking {unknown}
 s - 2 scrolls of identify {unknown}
 u - a scroll of silence {unknown}
 y - a scroll of noise {unknown}
Potions
 f - a potion of flight {unknown}
 j - 2 potions of attraction {unknown}
 k - a potion of lignification {unknown}
 m - a potion of heal wounds {unknown}
 n - a potion of might {unknown}
 q - 2 potions of brilliance {unknown}
 t - 2 potions of cancellation {unknown}
 w - a potion of curing {unknown}
 x - a potion of degeneration {unknown}


   Skills:
 + Level 3.2 Fighting
 + Level 3.3 Axes
 + Level 2.7 Throwing
 + Level 2.2 Armour
 + Level 3.1 Dodging
 + Level 2.3 Shields
 + Level 1.8 Evocations


You had 5 spell levels left.
You didn't know any spells.
Your spell library contained the following spells:

 Spells                   Type           Power      Damage    Failure   Level
 Scorch                   Fire           0%         2d5       58%         2
 Flame Wave               Conj/Fire      0%         2d4       99%         4
 Summon Cactus Giant      Summ           0%         N/A       100%        6


Dungeon Overview and Level Annotations

Branches:
Dungeon (3/15)

Altars:

Shops:
D:2 (


Innate Abilities, Weirdness & Mutations

You are immune to sickness and miasma.
Your stone body is resilient. (AC +4)
You are immune to poison.
You resist negative energy. (rN+)
You are resistant to electric shocks. (rElec)
You are resistant to unholy torment.
You are immune to petrification.


Message History

The orc barely misses you. The orc wizard barely misses you.
You barely miss the orc wizard. You hit the orc. You barely miss the orc.
The orc closely misses you. The orc wizard closely misses you.
The orc hits you with a +0 short sword.
You closely miss the orc wizard. Your punch misses the orc wizard.
You hit the orc. x2
You kill the orc!
The orc hits you but does no damage. The orc wizard misses you.
You closely miss the orc wizard. You hit the orc.
The orc wizard casts a spell.
The orc wizard flickers and vanishes!
Deactivating autopickup; reactivate with Ctrl-A.
The orc hits you with a +0 short sword.
You miss something. You slash the orc!
You kill the orc!
You hear some strange, mumbled words.
A puff of flame appears from out of thin air!
The puff of flame hits you but does no damage.
Something hits you but does no damage.
You closely miss something. Something hits you but does no damage.
You barely miss something.
You hear some strange, mumbled words.
Something tries to affect you, but you resist.
You barely miss something.
Something hits you but does no damage. x2
You closely miss something. Something hits you.
You hit something. Something hits you. x2
You miss something. Something hits you.
* * * LOW HITPOINT WARNING * * *
You barely miss something. Something hits you but does no damage.
You miss something. Something hits you but does no damage. Something hits you.
* * * LOW HITPOINT WARNING * * *
You closely miss something. Something hits you.
* * * LOW HITPOINT WARNING * * *
You completely miss something. Something hits you but does no damage.
You barely miss something. Something hits you.
* * * LOW HITPOINT WARNING * * *
You hear some strange, mumbled words.
A magic dart appears from out of thin air!
The magic dart hits you!
You die...

......##########.####.####
######...................#
#.##.........###.##.#
###.##........#.##
#.......#.....##.#
#.#.##..###...#.##
#.#.##.........## #
#.....#####.## # #.......#
#@# #.#...†.#.#.{)).#
#.......#.#.....#
####...## #.....# #.#.#
#.....# #.# #.#.##.#.....#
#.# #......####### #.#
###.#############.# #.#
##......##.#


There were no monsters in sight!

Vanquished Creatures
  Sigmund (D:3)
  5 adders
  A worm (D:2)
  A dart slug (D:1)
  9 orcs (D:3)
  4 bats
  7 endoplasms
  3 giant cockroaches
  10 goblins
  5 hobgoblins
  2 jackals (D:1)
  4 kobolds
  3 quokkas
  5 ball pythons
  4 frilled lizards
  9 rats
73 creatures vanquished.

Notes
Turn   | Place    | Note
-------+----------+-------------------------------------------
     0 | D:1      | GorkyZ the Gargoyle Gladiator began the quest for the Orb.
     0 | D:1      | Reached XP level 1. HP: 12/12 MP: 1/1
    46 | D:1      | Reached XP level 2. HP: 18/18 MP: 2/2
   386 | D:1      | Reached skill level 1 in Armour
   413 | D:1      | Reached XP level 3. HP: 18/22 MP: 3/3
   678 | D:1      | Reached skill level 1 in Shields
  1061 | D:1      | Found a faded altar of an unknown god.
  1219 | D:2      | Reached skill level 1 in Evocations
  1280 | D:2      | Reached XP level 4. HP: 25/27 MP: 4/4
  1570 | D:2      | Found Foew's Weapon Boutique.
  2003 | D:3      | Noticed Sigmund
  2018 | D:3      | Killed Sigmund
  2019 | D:3      | Reached XP level 5. HP: 15/32 MP: 5/5
  2019 | D:3      | Reached XP level 6. HP: 17/37 MP: 6/6
  2491 | D:3      | Killed from afar by an orc wizard

Illustrated notes

Levels and vault maps discovered:
D:1:      tarquinn_simple_flora_water_b, layout_basic,
          shapermc_ecumenical_altar_hornbeckon,
          wander_ebering_terrifying_dragon_lair
D:2:      layout_basic, serial_shops, shop
D:3:      layout_loops_cross, uniq_sigmund

Skill      XL: |  1  2  3  4 |
---------------+-------------+-----
Armour         | 1 2 |  2.2
Throwing       | 2 |  2.7
Shields        | 1 2 |  2.3
Evocations     | 1 |  1.8
Axes           | 3 |  3.3
Fighting       | 3 |  3.2
Dodging        | 3 |  3.1

Action                   |  1- 3 |  4- 6 || total
-------------------------+-------+-------++-------
Melee: War axe           |    70 |   102 ||   172
       Punch             |     1 |     2 ||     3
 Stab: Sleeping          |     1 |       ||     1
Armor: Leather armour    |    32 |    49 ||    81
Dodge: Dodged            |    56 |    68 ||   124
